 Dungeon Crawl Stone Soup version 0.29.1-15-g9cfb28693d (webtiles) character file.

Game seed: 5952706006933217332

76561 firemarshallily the Warrior (level 15, -1/119 (120) HPs)
             Began as a Demonspawn Gladiator on Mar 17, 2023.
             Was the Champion of Hepliaklqana.
             Killed by divine providence
             ... invoked by an orc high priest
              (14 damage)
             ... on level 2 of the Orcish Mines.
             The game lasted 01:14:48 (24230 turns).

firemarshallily the Warrior (Demonspawn Gladiator) Turns: 24230, Time: 01:14:49

HP:   -1/119 (120)  AC: 19    Str: 21    XL:     15   Next: 12%
MP:   15/15         EV: 12    Int: 17    God:    Hepliaklqana [******]
Gold: 366           SH:  9    Dex: 17    Spells: 14/14 levels left

rFire   . . .      SeeInvis +   a - +2 war axe (vamp)
rCold   . . .      Faith    .   I - +3 buckler
rNeg    . . .      Spirit   .   T - +4 troll leather armour
rPois   .          Reflect  .   c - +0 helmet
rElec   .          Harm     .   (no cloak)
rCorr   .          Rampage  .   n - +2 pair of gloves {Stlth+}
Will    +....                   j - +2 pair of boots
Stlth   ++........              J - amulet "Ighoedyo" {Regen+ Dex+3}
HPRegen 1.89/turn               l - ring of see invisible
MPRegen 0.14/turn               u - +6 ring of intelligence

@: studying 3 skills, lightly drained
A: reduced essence, claws 2, slimy green scales 1, demonic guardian 3, ignite
blood 1
a: Renounce Religion, Recall Ancestor, Ancestor Identity, Transference, Idealise


You were on level 2 of the Orcish Mines.
You worshipped Hepliaklqana.
Hepliaklqana was exalted by your worship.
You visited 4 branches of the dungeon, and saw 21 of its levels.
You also visited: Bailey.

You collected 3177 gold pieces.
You spent 2811 gold pieces at shops.

Inventory:

Hand Weapons
 a - a +2 vampiric war axe (weapon)
Missiles
 d - 3 throwing nets
 e - 12 javelins
 r - 25 poisoned darts (quivered)
 t - 32 boomerangs
 w - 12 atropa-tipped darts
 D - 3 curare-tipped darts
Armour
 c - a +0 helmet (worn)
 j - a +2 pair of boots (worn)
 n - a +2 pair of gloves of stealth (worn)
 I - a +3 buckler (worn)
 T - a +4 troll leather armour (worn)
Jewellery
 b - a ring of magical power
 l - a ring of see invisible (left hand)
 u - a +6 ring of intelligence (right hand)
 J - the amulet "Ighoedyo" (around neck) {Regen+ Dex+3}
   (You acquired it on level 7 of the Dungeon)

   [amulet of regeneration]

   Dex:       It affects your dexterity (+3).
   Regen:     It increases your rate of health regeneration.
 P - a ring of protection from fire
Wands
 f - a wand of flame (58)
 z - a wand of polymorph (22)
 B - a wand of paralysis (6)
 C - a wand of mindburst (11)
 Q - a wand of iceblast (4)
 R - a wand of digging (6)
 U - a wand of light (4)
Scrolls
 i - 8 scrolls of poison
 k - 2 scrolls of fog
 m - 6 scrolls of magic mapping
 o - 2 scrolls of amnesia
 y - 5 scrolls of immolation
 A - 6 scrolls of teleportation
 K - 2 scrolls of fear
 M - 4 scrolls of silence
 N - a scroll of summoning {unknown}
 O - 7 scrolls of blinking
Potions
 g - 2 potions of attraction
 h - 11 potions of haste
 p - 8 potions of lignification
 q - 2 potions of flight
 s - 2 potions of heal wounds
 v - 4 potions of brilliance
 x - 3 potions of curing
 E - 2 potions of mutation
 F - 3 potions of cancellation
 G - 3 potions of might
 H - 2 potions of magic
 L - a potion of invisibility
 S - 2 potions of berserk rage
 V - a potion of resistance {unknown}
 W - 2 potions of ambrosia {unknown}
Miscellaneous
 X - a phial of floods


   Skills:
 * Level 17.1 Fighting
 * Level 15.9 Axes
 + Level 2.3 Throwing
 - Level 9.0 Armour
 - Level 2.6 Dodging
 - Level 7.5 Shields


You had 14 spell levels left.
You didn't know any spells.
Your spell library contained the following spells:

 Spells                   Type           Power      Damage    Failure   Level
 Apportation              Tloc           0%         N/A       32%         1
 Necrotise                Necr           0%         1d4       32%         1
 Shock                    Conj/Air       0%         1d3       32%         1
 Summon Small Mammal      Summ           0%         N/A       32%         1
 Blink                    Tloc           0%         N/A       45%         2
 Call Canine Familiar     Summ           0%         N/A       69%         3
 Dazzling Flash           Conj/Hex       0%         N/A       69%         3
 Ignite Poison            Fire/Tmut/Pois 0%         N/A       69%         3
 Lesser Beckoning         Tloc           0%         N/A       69%         3
 Mephitic Cloud           Conj/Pois/Air  0%         N/A       69%         3
 Portal Projectile        Hex/Tloc       0%         N/A       69%         3
 Summon Guardian Golem    Hex/Summ       0%         N/A       69%         3
 Swiftness                Air            0%         N/A       69%         3
 Airstrike                Air            0%         2d(0-16)  97%         4
 Anguish                  Hex/Necr       0%         N/A       97%         4
 Leda's Liquefaction      Hex/Erth       0%         N/A       97%         4
 Passage of Golubria      Tloc           0%         N/A       97%         4
 Summon Lightning Spire   Summ/Air       0%         N/A       97%         4
 Agony                    Necr           0%         N/A       100%        5
 Freezing Cloud           Conj/Ice/Air   0%         6-21      100%        5
 Manifold Assault         Tloc           0%         N/A       100%        5
 Silence                  Hex/Air        0%         N/A       100%        5
 Enfeeble                 Hex            0%         N/A       100%        7
 Storm Form               Tmut/Air       0%         N/A       100%        7
 Disjunction              Tloc           0%         N/A       100%        8


Dungeon Overview and Level Annotations

Branches:
Dungeon (13/15)            Temple (1/1) D:6            Lair (5/5) D:10
 Shoals (0/4) Lair:2       Spider (0/4) Lair:3        Slime (0/5) Lair:4
    Orc (2/2) D:12            Elf (0/3) Orc:2        Vaults (0/5) D:13
 Bailey (visited)

Altars:
Ashenzari
Cheibriados
Dithmenos
Fedhas
Gozag
Hepliaklqana
Kikubaaqudgha
Makhleb
Nemelex Xobeh
Okawaru
Qazlal
Ru
Sif Muna
Trog
Uskayaw
Vehumet
Wu Jian
Xom
Yredelemnul
Jiyva

Shops:
D:6 **   Orc:1 :   Orc:2 =

Annotations:
D:3 exclusion: moth of wrath
D:12 2 transporters, Lousut's ghost, journeyman MiWn
D:13 1 runed translucent door, Huacad's ghost, journeyman MeFE
Orc:1 1 runed translucent door


Innate Abilities, Weirdness & Mutations

Your life essence is reduced to manifest your ancestor. (-10% HP)
You have very sharp fingernails.
You are partially covered in slimy green scales. (AC +2)
A powerful demonic guardian rushes to your aid.
Your demonic aura sometimes causes spilled blood to erupt in flames.


Message History

The orc warrior no longer looks unusually strong.
The orc priest no longer looks unusually strong.
The orc warrior no longer looks unusually strong.
Maria points at the orc knight and mumbles some strange words.
The orc knight resists with some effort.
The orc high priest hits you with a +0 flail!
An orc priest comes into view. It is wielding a +0 short sword.
The orc priest calls down the wrath of Beogh upon you.
Beogh smites you!
You hear a shout!
Unknown command.
You completely miss the orc high priest.
The orc high priest is severely wounded.
You catch the helpless orc knight completely off-guard!
You slash the orc knight!
You feel better.
You slash the orc warrior!
The orc warrior hits you with a +0 mace of protection.
The orc knight gestures wildly.
The orc knight hits you with a +2 long sword of holy wrath!!
* * * LOW HITPOINT WARNING * * *
You convulse!
* * * LOW HITPOINT WARNING * * *
Maria casts a spell at the orc knight.
The orc knight resists with some effort.
The orc knight roars a battlecry!
The orcs go into a battle-frenzy!
The orc high priest misses you.
You hear a shout!
Unknown command.
You swap places.
The orc knight no longer looks unusually strong.
The orc warrior no longer looks unusually strong.
The orc warrior unwields a +0 mace of protection.
The orc warrior wields a +0 arbalest.
The orc warrior shoots a bolt.
The bolt hits Maria!
The orc knight hits Maria with a +2 long sword of holy wrath!
Maria hits the orc knight with a +0 dagger of draining.
Maria drains the orc knight.
The orc high priest mumbles some strange prayers to Beogh against you.
Beogh smites you!
You die...

......#..##.............#
.........##....#).)#....#
.........###...........##
...#.....# #...#...#...#
#.####...# ##.........##
#####....# #..#...#..#
#....## ##.......##
####...### ###.#.###
.#.....#.# #.@...# .........#
###R#.### .........#
#.ooo○).# .........#
#..#°oo#..# ._...#...#
#...oo....# ......#..#
#...#ooo#...# .........#
#....oo.....# ###
......#..##.((.#...#o...##.#
......#..##.............##.##


You could see the friendly Maria the hexer, 4 orc knights, an orc high priest
(strong), 6 orc warriors and 2 orc priests.

Vanquished Creatures
  An ironbound preserver (D:13)
  3 boulder beetles
  A hydra (Lair:5)
  Erica (D:11)
  3 centaur warriors (D:13)
  2 catoblepae
  2 death knights
  2 two-headed ogres
  A tengu warrior (D:13)
  Urug (D:13)
  2 orc high priests (Orc:2)
  4 death yaks
  Lodul (D:13)
  A lindwurm (Lair:5)
  An orc knight (Orc:2)
  2 orc sorcerers (Bailey)
  4 ugly things
  3 cyclopes
  2 manticores (D:11)
  5 black mambas
  19 elephants
  A gargoyle (D:12)
  An unseen horror (D:13)
  2 rime drakes (Lair:5)
  4 cane toads
  An efreet (D:13)
  A yaktaur (shapeshifter) (D:13)
  8 komodo dragons
  Psyche (D:8)
  5 trolls
  A hornet (Lair:5)
  A polar bear (Lair:5)
  A dream sheep (Lair:5)
  9 blink frogs
  A jumping spider (Lair:3)
  42 yaks
  A wyvern (Lair:4)
  Eustachio (D:4)
  2 basilisks (Lair:2)
  9 water moccasins
  Duvessa (D:4)
  29 orc warriors
  A swamp drake (D:12)
  2 sky beasts
  6 black bears
  5 ice beasts
  8 ogres
  12 wolves
  6 centaurs
  2 phantoms
  A kobold brigand (D:5)
  10 bullfrogs
  3 gnoll sergeants
  3 necrophages
  3 scorpions
  11 wights
  Dowan (D:4)
  11 killer bees
  3 electric eels
  A howler monkey (D:9)
  5 jellies
  15 orc priests
  2 gnoll boudas (D:6)
  4 hounds
  Terence (D:2)
  A hexer (D:10)
  6 iguanas
  18 orc wizards
  20 gnolls
  5 adders
  A shadow imp (D:7)
  A white imp (D:5)
  A howler monkey simulacrum (D:10)
  An ufetubus (D:10)
  A worm (D:3)
  3 dart slugs
  71 orcs
  2 ball pythons
  8 bats
  4 endoplasms
  7 giant cockroaches
  9 goblins
  9 hobgoblins
  18 jackals
  3 quokkas
  2 frilled lizards
  11 kobolds
  15 rats
516 creatures vanquished.

Vanquished Creatures (collateral kills)
  Josephine (D:13)
  2 centaur warriors (D:13)
  2 catoblepae
  2 death yaks (Lair:5)
  A deep troll shaman (Lair:5)
  An orc high priest (Orc:2)
  Sonja (D:13)
  2 orc knights (Orc:2)
  2 cyclopes
  2 ugly things
  3 elephants (Lair:4)
  A manticore (D:12)
  3 black mambas
  2 cane toads
  Maggie (D:9)
  3 komodo dragons
  3 rime drakes (Lair:5)
  6 hornets (Lair:5)
  3 dream sheep (Lair:5)
  7 blink frogs
  3 wyverns
  18 yaks
  4 wraiths (D:13)
  2 basilisks
  A steam dragon (D:8)
  2 water moccasins
  12 orc warriors
  2 ogres (Orc:2)
  4 wolves
  2 bullfrogs
  A necrophage (D:6)
  5 wights
  6 killer bees
  An electric eel (D:10)
  2 howler monkeys (D:9)
  9 orc priests
  6 orc wizards
  5 gnolls
  32 orcs
  2 endoplasms (Lair:4)
  2 hobgoblins (Bailey)
  A bush (Lair:5)
170 creatures vanquished.

Vanquished Creatures (others)
  An electric eel (Lair:4)
  3 ancestors (Bailey)
  13 hexers
  A gnoll (Bailey)
  An orc (D:9)
  31 fungi
  63 plants
113 creatures vanquished.

Grand Total: 799 creatures vanquished

Notes
Turn   | Place    | Note
-------+----------+-------------------------------------------
     0 | D:1      | firemarshallily the Demonspawn Gladiator began the quest
                  | for the Orb.
     0 | D:1      | Reached XP level 1. HP: 16/16 MP: 1/1
   209 | D:1      | Gained mutation: Your demonic aura sometimes causes spilled
                  | blood to erupt in flames. [demonic ancestry]
   209 | D:1      | Reached XP level 2. HP: 21/22 MP: 2/2
   685 | D:1      | Gained mutation: You are partially covered in slimy green
                  | scales. (AC +2) [demonic ancestry]
   685 | D:1      | Reached XP level 3. HP: 18/28 MP: 3/3
  1040 | D:1      | Reached skill level 1 in Armour
  1193 | D:1      | Reached skill level 3 in Fighting
  1265 | D:1      | Found a faded altar of an unknown god.
  1638 | D:2      | Reached XP level 4. HP: 35/35 MP: 4/4
  1657 | D:2      | Noticed Terence
  1672 | D:2      | Killed Terence
  1999 | D:2      | Reached XP level 5. HP: 41/41 MP: 5/5
  2584 | D:3      | Noticed a centaur
  2629 | D:3      | Killed a centaur
  2630 | D:3      | Reached skill level 4 in Fighting
  2767 | D:3      | Found a stormy altar of Qazlal.
  3061 | D:3      | Noticed a phantom
  3078 | D:3      | Gained mutation: A weak demonic guardian rushes to your
                  | aid. [demonic ancestry]
  3078 | D:3      | Reached XP level 6. HP: 35/48 MP: 6/6
  3311 | D:3      | Found an opulent altar of Gozag.
  3383 | D:3      | Noticed a moth of wrath
  3385 | D:3      | Found a bloodstained altar of Trog.
  3933 | D:4      | Noticed Eustachio
  3938 | D:4      | Killed Eustachio
  3939 | D:4      | Reached skill level 5 in Axes
  4008 | D:4      | Reached skill level 5 in Fighting
  4008 | D:4      | Reached XP level 7. HP: 48/56 MP: 7/7
  4189 | D:4      | Noticed Duvessa
  4189 | D:4      | Noticed Dowan
  4198 | D:4      | Killed Dowan
  4520 | D:4      | Killed Duvessa
  5515 | D:5      | Entered Level 5 of the Dungeon
  5785 | D:5      | Reached skill level 6 in Fighting
  5938 | D:5      | Reached XP level 8. HP: 54/64 MP: 8/8
  6869 | D:5      | Reached skill level 7 in Fighting
  6914 | D:5      | Found an ornate altar of the Wu Jian Council.
  7142 | D:6      | Found a sparkling altar of Nemelex Xobeh.
  7444 | D:6      | Noticed a troll
  7460 | D:6      | Gained mutation: A demonic guardian rushes to your aid.
                  | [demonic ancestry]
  7460 | D:6      | Reached XP level 9. HP: 70/73 MP: 9/9
  7463 | D:6      | Killed a troll
  7494 | D:6      | Reached skill level 8 in Fighting
  8005 | D:6      | Found Daelug's Assorted Antiques.
  8015 | D:6      | Bought a potion of haste for 330 gold pieces
  8015 | D:6      | Bought a pink potion for 29 gold pieces
  8054 | D:6      | Reached skill level 5 in Armour
  8317 | D:6      | Found Luedom's Assorted Antiques.
  8321 | D:6      | Bought a brown potion for 21 gold pieces
  8321 | D:6      | Bought a pink potion for 21 gold pieces
  8321 | D:6      | Bought a metallic cyan potion for 21 gold pieces
  8356 | D:6      | Found a staircase to the Ecumenical Temple.
  8390 | Temple   | Entered the Ecumenical Temple
  8450 | Temple   | Became a worshipper of Hepliaklqana the Forgotten
  8892 | D:6      | Reached skill level 1 in Shields
  9149 | D:6      | Found an iron altar of Okawaru.
  9452 | D:7      | Identified a scroll of acquirement
  9454 | D:7      | Acquired the amulet "Ighoedyo" {Regen+ Dex+3}
  9655 | D:7      | Reached skill level 9 in Fighting
  9881 | D:8      | Reached * piety under Hepliaklqana
  9957 | D:8      | Found a transporter.
  9957 | D:8      | Noticed Psyche
  9966 | D:8      | Killed Psyche
  9967 | D:8      | Reached XP level 10. HP: 39/74 MP: 10/10
 10017 | D:8      | Found a transporter.
 10020 | D:8      | Found a transporter.
 10020 | D:8      | Found a transporter.
 10024 | D:8      | Found a transporter.
 10024 | D:8      | Found a transporter.
 10054 | D:8      | Found a flagged portal.
 10063 | Bailey   | Entered a bailey
 10469 | Bailey   | Reached skill level 5 in Shields
 10545 | Bailey   | Acquired a manual of Fire Magic
 10573 | Bailey   | Noticed an orc sorcerer
 10581 | Bailey   | Killed an orc sorcerer
 10588 | Bailey   | Identified the +6 falchion of Nemelex Xobeh, Brewing
                  | {drain, Drain rElec rC+ Int+9}
 10607 | Bailey   | Found an iron altar of Okawaru.
 10611 | Bailey   | Noticed an orc sorcerer
 10615 | Bailey   | Noticed a soul eater
 10617 | Bailey   | Killed an orc sorcerer
 10618 | Bailey   | Reached skill level 10 in Fighting
 11049 | D:8      | Reached ** piety under Hepliaklqana
 11075 | D:8      | Remembered your ancestor Maria as a hexer
 11641 | D:9      | Noticed Maggie
 11664 | D:9      | Killed Maggie
 11665 | D:9      | Reached skill level 10 in Axes
 11851 | D:9      | Gained mutation: You have sharp fingernails. [demonic
                  | ancestry]
 11851 | D:9      | Reached XP level 11. HP: 82/82 MP: 11/11
 11951 | D:9      | Reached *** piety under Hepliaklqana
 12086 | D:9      | Reached skill level 11 in Fighting
 12506 | D:10     | Entered Level 10 of the Dungeon
 12895 | D:6      | Bought a scroll of identify for 48 gold pieces
 12895 | D:6      | Bought a scroll labelled OSEPHO PAGYGG for 24 gold pieces
 12895 | D:6      | Bought 2 fuming grey potions for 43 gold pieces
 12895 | D:6      | Bought a scroll labelled OSEPHO PAGYGG for 24 gold pieces
 12930 | D:6      | Bought a scroll of identify for 66 gold pieces
 13046 | D:10     | Found a blossoming altar of Fedhas.
 13294 | D:10     | Noticed a death yak
 13294 | D:10     | Noticed a death yak
 13299 | D:10     | Noticed a death yak
 13398 | D:10     | Killed a death yak
 13438 | D:10     | Killed a death yak
 13443 | D:10     | Reached skill level 12 in Fighting
 13444 | D:10     | Killed a death yak
 13503 | D:10     | Found a staircase to the Lair.
 13572 | D:10     | Found a shimmering blue altar of Sif Muna.
 13706 | D:10     | Reached **** piety under Hepliaklqana
 13995 | D:11     | Noticed a two-headed ogre
 14000 | D:11     | Killed a two-headed ogre
 14038 | D:11     | Noticed Erica
 14042 | D:11     | Found a stormy altar of Qazlal.
 14056 | D:11     | Killed Erica
 14057 | D:11     | Gained mutation: You have very sharp fingernails. [demonic
                  | ancestry]
 14057 | D:11     | Reached XP level 12. HP: 29/92 MP: 12/12
 14112 | D:11     | Noticed a boulder beetle
 14154 | D:11     | Killed a boulder beetle
 14630 | D:12     | Identified the +8 dagger of Celeuf {vorpal, rElec}
 14673 | D:12     | Noticed a death knight
 14684 | D:12     | Killed a death knight
 14928 | D:12     | Noticed an ettin
 14934 | D:12     | Reached skill level 13 in Fighting
 14934 | D:12     | Found a transporter.
 14934 | D:12     | Noticed a two-headed ogre
 14935 | D:12     | Noticed a two-headed ogre
 14935 | D:12     | Noticed a two-headed ogre
 14935 | D:12     | Noticed Lousut's ghost (journeyman MiWn)
 14936 | D:12     | Found a transporter.
 14936 | D:12     | Noticed a two-headed ogre
 15028 | D:12     | Found a staircase to the Orcish Mines.
 15400 | D:13     | Noticed Sonja
 15412 | D:13     | Noticed Josephine
 15413 | D:13     | Killed Sonja
 15421 | D:13     | Killed Josephine
 15565 | D:13     | Noticed a centaur warrior
 15578 | D:13     | Killed a centaur warrior
 15588 | D:13     | Noticed Lodul
 15590 | D:13     | Noticed a boulder beetle
 15596 | D:13     | Paralysed by Lodul for 3 turns
 15767 | D:13     | Killed a boulder beetle
 15841 | D:13     | Paralysed by Lodul for 3 turns
 15844 | D:13     | Killed Lodul
 15932 | D:13     | Noticed a two-headed ogre
 15933 | D:13     | Noticed a centaur warrior
 15933 | D:13     | Noticed a boulder beetle
 15933 | D:13     | Noticed a centaur warrior
 15943 | D:13     | Killed a centaur warrior
 15944 | D:13     | Killed a two-headed ogre
 15945 | D:13     | Reached skill level 14 in Fighting
 15945 | D:13     | Gained mutation: A powerful demonic guardian rushes to your
                  | aid. [demonic ancestry]
 15945 | D:13     | Reached XP level 13. HP: 75/101 MP: 13/13
 16044 | D:13     | Noticed an ironbound preserver
 16086 | D:13     | Killed an ironbound preserver
 16180 | D:13     | Found a gate to the Vaults.
 16334 | D:13     | Found a runed translucent door.
 16334 | D:13     | Found a shimmering altar of Xom.
 16334 | D:13     | Noticed Huacad's ghost (journeyman MeFE)
 16454 | D:13     | Identified the +5 triple sword "Deximm" {chaos, rC- SInv
                  | Stlth+}
 16597 | D:13     | Noticed Urug
 16612 | D:13     | Killed Urug
 16848 | Lair:1   | Entered Level 1 of the Lair of Beasts
 16875 | Lair:1   | Reached ***** piety under Hepliaklqana
 17985 | Lair:2   | Found a staircase to the Shoals.
 18984 | D:6      | Bought 3 scrolls of identify for 198 gold pieces
 18989 | D:6      | Bought a scroll of identify for 66 gold pieces
 19217 | Lair:3   | Reached skill level 15 in Fighting
 19400 | Lair:3   | Found a hole to the Spider Nest.
 20405 | Lair:4   | Found a staircase to the Slime Pits.
 20410 | Lair:4   | Found a viscous altar of Jiyva.
 20488 | Lair:4   | Reached XP level 14. HP: 108/110 MP: 14/14
 20875 | Lair:4   | Identified the +7 rapier of Lusting Dismemberment {holy,
                  | Int+4}
 21001 | Lair:5   | Entered Level 5 of the Lair of Beasts
 21069 | Lair:5   | Reached ****** piety under Hepliaklqana
 21392 | Lair:5   | Acquired 977 gold pieces
 21412 | Lair:5   | Reached skill level 16 in Fighting
 21452 | Lair:5   | Reached skill level 15 in Axes
 21869 | Lair:5   | Got the Guidebook on the Topological Tempest
 22050 | Lair:5   | Paralysed by a hornet for 3 turns
 22056 | Lair:5   | Paralysed by a hornet for 1 turns
 22720 | Orc:1    | Entered Level 1 of the Orcish Mines
 23034 | Orc:1    | Found a runed translucent door.
 23036 | Orc:1    | Noticed a balrug
 23106 | Orc:1    | Found Xymuc's Self-Improvement Boutique.
 23117 | Orc:1    | Bought a manual of Shields for 960 gold pieces
 23117 | Orc:1    | Bought a manual of Dodging for 960 gold pieces
 23215 | Orc:2    | Entered Level 2 of the Orcish Mines
 23305 | Orc:2    | Found Poskur's Jewellery Emporium.
 23426 | Orc:2    | Reached XP level 15. HP: 119/119 MP: 15/15
 23560 | Orc:2    | Reached skill level 17 in Fighting
 23826 | Orc:2    | Found a staircase to the Elven Halls.
 24230 | Orc:2    | Killed from afar by an orc high priest

Illustrated notes

Levels and vault maps discovered:
D:1:      dpeg_arrival_pond, layout_loops_corners,
          shapermc_ecumenical_altar_notcrosses, serial_bayou_lagoon_a,
          minmay_pentomino_w4
D:2:      layout_basic, minivault_14, uniq_terence
D:3:      layout_basic, tgw_trog, mainiacjoe_overflow_brackets,
          amcnicky_altar_gilded
D:4:      dreamdust_elfheim, layout_basic, uniq_eustachio
D:5:      layout_basic, pdpol_wu_jian_five_deadly_venoms,
          nicolae_underground_beach
D:6:      minmay_chambers_of_threes, layout_loops_corners,
          okawaru_altar_gauntlet_db, mainiacjoe_overflow_six_doors_small,
          minmay_temple_entry_gardened_gates, serial_shops,
          nicolae_shop_advertising_works [nicolae_subvault_shop_adworks],
          nicolae_shop_trees
D:7:      kennysheep_six_static_rooms, layout_rooms
D:8:      layout_gridville, enter_bailey_2, serial_nicolae_subway,
          nicolae_sub_station_stone, nicolae_sub_station_metal,
          nicolae_sub_station_crystal, uniq_psyche
D:9:      layout_long_grid, tso_altar, serial_bayou, serial_bayou_pond_d,
          serial_bayou_ford_a, serial_bayou_shore_a, serial_bayou_pond_d,
          uniq_maggie
D:10:     layout_grid_maze, mainiacjoe_overflow_alcove_1, fedhas_ov_isle_minmay,
          dpeg_lair_monsters, serial_ice, serial_ice_h, serial_ice_l,
          serial_ice_g, serial_ice_a, minmay_misc_feat_five
D:11:     layout_roguey, nicolae_qazlal_style_of_elements, uniq_erica
D:12:     layout_loops_ring, erik_orc_1, gammafunk_ghost_smash
D:13:     layout_basic, skrybe_vaults_entry_preservation, ebering_ghost_xom,
          minivault_11, uniq_josephine, uniq_urug, uniq_sonja, uniq_lodul
Temple:   nicolae_temple_bog_church
Lair:1:   layout_small_grid, serial_rivers, chequers_serial_rivers_room_b,
          chequers_serial_rivers_micro_c, chequers_serial_rivers_micro_a,
          chequers_serial_rivers_room_b, chequers_serial_rivers_small_3,
          minmay_holes, minmay_hedge_maze
Lair:2:   layout_cave_pods, elwin_shoals_entry_rocks
Lair:3:   layout_layer_cave, spider_nest_entry_rubble
Lair:4:   layout_roguey, nicolae_slime_entry_slimehenge,
          infiniplex_staircase_pool
Lair:5:   grunt_lair_end_beastmaster, layout_long_grid, dreamdust_wasp_nest
Orc:1:    dreamdust_dug_too_deep, layout_diamond_mine, nicolae_shop_self_help
Orc:2:    st_orc_pillars, layout_caves, basic_altar,
          minmay_shop_enchanted_jewellery

Skill      XL: |  1  2  3  4  5  6  7  8  9 10 11 12 13 14 15 |
---------------+----------------------------------------------+-----
Axes           | 3 4 5 6 7 8 10 11 13 14 15 | 15.9
Armour         | 1 2 3 4 5 6 8 9 |  9.0
Fighting       | 3 4 5 6 7 9 10 12 14 15 16 17 | 17.1
Shields        | 3 5 7 |  7.5
Throwing       | 2 |  2.3
Dodging        | |  2.6

Action                   |  1- 3 |  4- 6 |  7- 9 | 10-12 | 13-15 || total
-------------------------+-------+-------+-------+-------+-------++-------
Melee: War axe           |    98 |   160 |   328 |   485 |   699 ||  1770
       Punch             |       |     1 |     2 |       |       ||     3
Throw: Dart              |       |       |     6 |    19 |    10 ||    35
       Boomerang         |       |       |     4 |       |       ||     4
       Javelin           |       |       |       |       |     6 ||     6
Invok: Ancestor Identity |       |       |     1 |       |       ||     1
       Recall Ancestor   |       |       |       |     1 |     1 ||     2
       Ancestor Life: He |       |       |       |     1 |       ||     1
Evoke: Wand              |       |       |     2 |       |       ||     2
  Use: Scroll            |       |       |    14 |    14 |    12 ||    40
       Potion            |       |       |     2 |     1 |     4 ||     7
 Stab: Sleeping          |       |     3 |     6 |     2 |     5 ||    16
       Distracted        |       |       |     2 |     8 |    20 ||    30
       Confused          |       |       |       |    13 |    17 ||    30
       Petrified         |       |       |       |       |     5 ||     5
       Petrifying        |       |       |       |       |     2 ||     2
       Held in net/web   |       |       |       |       |     1 ||     1
       Paralysed         |       |       |       |       |    10 ||    10
Armor: Leather armour    |    48 |    89 |    55 |       |       ||   192
       Ring mail         |       |       |   113 |    45 |       ||   158
       Acid dragon scale |       |       |       |    29 |       ||    29
       Troll leather arm |       |       |       |   133 |   241 ||   374
       Skin              |       |       |       |       |     3 ||     3
Dodge: Dodged            |    73 |   122 |   197 |   233 |   258 ||   883
Block: Buckler           |       |       |    26 |   161 |   261 ||   448
